 Dungeon Crawl Stone Soup version 0.31.0-9-g3a7656b989 (webtiles) character file.

Game seed: 4710389113351299054

6058 qw the Nimble (level 10, -5/51 HPs)
             Began as a Spriggan Hunter on Feb 2, 2024.
             Was a Believer of Okawaru.
             Slain by an orc warrior
             ... wielding a +0 halberd
              (7 damage)
             ... on level 9 of the Dungeon.
             The game lasted 00:00:35 (6690 turns).

qw the Nimble (Spriggan Hunter)                     Turns: 6690, Time: 00:00:35

Health: -5/51      AC:  9    Str:  7    XL:     10   Next: 57%
Magic:  14/14      EV: 28    Int: 10    God:    Okawaru [**....]
Gold:   173        SH:  0    Dex: 24    Spells: 9/9 levels left

rFire   . . .        f - +2 arbalest (drain)
rCold   + . .        (shield currently unavailable)
rNeg    . . .        c - +2 troll leather armour
rPois   .            (helmet restricted)
rElec   .            l - scarf {repulsion}
rCorr   .            (gloves unavailable)
SInv    +            (boots unavailable)
Will    +....        i - amulet of the acrobat
Stlth   ++           g - ring of protection from cold
HPRegen 1.08/turn    j - +4 ring of protection
MPRegen 0.14/turn

%: repel missiles, acrobat
@: about to teleport, very quick
A: very small, no large weapons, unfitting armour, see invisible, speed 3
a: Renounce Religion, Heroism


You were on level 9 of the Dungeon.
You worshipped Okawaru.
Okawaru was pleased with you.
You visited 2 branches of the dungeon, and saw 10 of its levels.
You also visited: Sewer.

You collected 335 gold pieces.
You spent 162 gold pieces at shops.


Innate Abilities, Weirdness & Mutations

You are very small and have problems with some larger weapons.
You are too small for most types of armour.
You have supernaturally acute eyesight. (SInv)
You cover ground extremely quickly. (Speed+++)


   Skills:
 + Level 4.7 Fighting
 - Level 12.0 Ranged Weapons
 - Level 12.0 Dodging
 - Level 1.5 Stealth
 - Level 4.0 Invocations


You had 9 spell levels left.
You didn't know any spells.
Your spell library was empty.

Inventory:

Hand Weapons
 f - a +2 arbalest of draining (weapon)
Armour
 c - a +2 troll leather armour (worn)
 l - a scarf of repulsion (worn)
 u - a +0 cloak
Jewellery
 g - a ring of protection from cold (left hand)
 i - an amulet of the acrobat (around neck)
 j - a +4 ring of protection (right hand)
Wands
 k - a wand of polymorph (8)
 p - a wand of light (11)
 t - a wand of iceblast (9)
Scrolls
 d - 2 scrolls of teleportation
Potions
 a - a potion of heal wounds
 b - 7 potions of enlightenment
 h - a potion of magic {unknown}
 m - a potion of degeneration {unknown}
 n - a potion of mutation {unknown}
 o - 2 potions of haste
 q - a potion of curing {unknown}
 r - a potion of might {unknown}

Dungeon Overview and Level Annotations

Branches:
Dungeon (9/15)             Temple (1/1) D:5           Sewer (visited)
   Lair: D:8-11         Orc: D:9-12

Altars:
Ashenzari
Cheibriados
Dithmenos
Elyvilon
Fedhas
Gozag
Hepliaklqana
Kikubaaqudgha
Makhleb
Nemelex Xobeh
Okawaru
Qazlal
Ru
Sif Muna
Trog
Uskayaw
Vehumet
Wu Jian
Xom
Yredelemnul
Zin
The Shining One

Shops:
D:4 !   D:7 ?   D:8 :


Message History

The orc warrior hits you from afar with a +0 halberd!
You shoot a bolt.
The bolt hits the orc but does no damage.
You drain the orc.
The orc is heavily wounded.
The orc hits you but does no damage. The orc misses you.
The orc warrior hits you from afar with a +0 halberd.
The orc warrior barely misses you. The orc closely misses you.
The orc completely misses you.
You shoot a bolt. The bolt barely misses the orc.
The bolt hits the orc priest!
The orc priest is severely wounded.
The orc misses you. The orc closely misses you.
The orc warrior barely misses you.
You shoot a bolt.
The bolt hits the orc but does no damage.
The orc is heavily wounded.
The orc hits you but does no damage. The orc misses you.
The orc warrior completely misses you. The orc warrior closely misses you.
The orc completely misses you. x2
You shoot a bolt. The bolt closely misses the orc.
The bolt hits the orc priest.
You kill the orc priest!
Okawaru accepts your kill. The orc closely misses you.
The orc hits you with a +0 dagger. The orc warrior completely misses you.
You shoot a bolt. The bolt hits the orc!
You kill the orc!
Okawaru accepts your kill. The orc misses you.
The orc warrior closely misses you.
You shoot a bolt. The bolt hits the orc!!
You kill the orc!
Okawaru accepts your kill.
The orc priest miscasts a cantrip.
The orc warrior closely misses you.
The orc warrior hits you from afar with a +0 halberd!
6690 ||| READING 3 scrolls of teleportation.
As you read the scroll of teleportation, it crumbles to dust.
You feel strangely unstable. The orc priest completely misses you.
The orc warrior hits you from afar with a +0 halberd!
You die...

###.....### .....
.........# .....
####.....#'##......
####..................
#........)......##...#
#......o....o.........
##....)#####oo........#
#.......<%.#o#.#......#
#......#%#.#@#.#......#
...P....#.#.#)#S##S#...#
.P...)P)..#..)#.# ~~ ..#
........#######.~ ~~. .#
P..P.P... #~~ ~~~ #
P.PP...[P ~~~ ~~~~
P....P..P


You could see 2 orc warriors, an orc priest and an orc.

Vanquished Creatures
  A troll (D:8)
  A shadow (D:7)
  Sigmund (D:2)
  6 yaks (D:9)
  Eustachio (D:5)
  A steam dragon (D:6)
  Menkaure (D:5)
  An acid dragon (D:8)
  4 water moccasins
  2 orc warriors
  2 ogres
  2 black bears
  6 centaurs
  A phantom (D:6)
  9 kobold brigands
  6 bullfrogs
  A gnoll sergeant (D:8)
  4 scorpions
  A wight (D:7)
  5 killer bees (D:7)
  3 howler monkeys
  An electric eel (D:9)
  5 bombardier beetles
  5 orc priests
  A hound (D:6)
  2 iguanas
  9 orc wizards
  7 gnolls
  5 river rats
  7 adders
  A white imp (D:6)
  2 ufetubi (D:5)
  5 ribbon worms
  3 dart slugs
  18 orcs
  8 ball pythons
  9 endoplasms
  4 giant cockroaches
  A hobgoblin (D:3)
  6 jackals (D:1)
  3 quokkas
  6 bats
  2 frilled lizards
  7 goblins
  33 kobolds
  12 rats
  A butterfly (D:5)
222 creatures vanquished.

Vanquished Creatures (others)
  An orc wizard (D:5)
1 creature vanquished.

Grand Total: 223 creatures vanquished

Notes
Turn   | Place    | Note
-------+----------+-------------------------------------------
     0 | D:1      | qw the Spriggan Hunter began the quest for the Orb.
     0 | D:1      | Reached XP level 1. HP: 10/10 MP: 2/2
     0 | D:1      | 0 ||| qw: Version: 0.3-a-155-g5e7d8dd
     0 | D:1      | 0 ||| qw: Game counter: 996
     0 | D:1      | 0 ||| qw: Melee chars always use a shield: true
     0 | D:1      | 0 ||| qw: God list: Okawaru
     0 | D:1      | 0 ||| qw: Allow faded altars: false
     0 | D:1      | 0 ||| qw: Do Orc after clearing Dungeon:15 true
     0 | D:1      | 0 ||| qw: Do second Lair branch before Depths: true
     0 | D:1      | 0 ||| qw: Lair rune preference: random
     0 | D:1      | 0 ||| qw: Goals: Normal
     0 | D:1      | 0 ||| PLANNING D:1-11
    55 | D:1      | Reached skill level 3 in Dodging
    82 | D:1      | Reached XP level 2. HP: 14/14 MP: 3/3
   345 | D:1      | Reached XP level 3. HP: 18/18 MP: 4/4
   359 | D:1      | 359 ||| UPGRADING to ring of protection from cold.
   360 | D:1      | 360 ||| READING 3 scrolls labelled NIUNEJODOG.
   360 | D:1      | 360 ||| IDENTIFYING cyan potion
   361 | D:1      | 361 ||| READING 2 scrolls of identify.
   361 | D:1      | 361 ||| IDENTIFYING 2 lumpy purple potions
   362 | D:1      | 362 ||| READING scroll of identify.
   362 | D:1      | 362 ||| IDENTIFYING scroll labelled LOASTAOQAU
   363 | D:1      | 363 ||| READING 2 scrolls labelled RUASYOWNAD.
   363 | D:1      | 363 ||| ENCHANTING +0 shortbow.
   364 | D:1      | 364 ||| DROPPING scroll of butterflies.
   365 | D:1      | 365 ||| DROPPING 2 potions of invisibility.
   366 | D:1      | 366 ||| DROPPING scroll of noise.
   367 | D:1      | 367 ||| DROPPING potion of brilliance.
   497 | D:2      | Noticed Sigmund
   512 | D:2      | HP: 3/18 [Sigmund/magic dart (10)]
   513 | D:2      | Killed Sigmund
   514 | D:2      | Reached skill level 6 in Ranged Weapons
   514 | D:2      | Reached XP level 4. HP: 5/22 MP: 5/5
   514 | D:2      | Reached XP level 5. HP: 5/25 MP: 6/6
  1058 | D:2      | 1058 ||| READING 2 scrolls of identify.
  1058 | D:2      | 1058 ||| IDENTIFYING 4 ruby potions
  1059 | D:2      | 1059 ||| READING scroll of identify.
  1059 | D:2      | 1059 ||| IDENTIFYING scroll labelled RUECAASINA
  1060 | D:2      | 1060 ||| READING 2 scrolls labelled SOTOH BEXKOIP.
  1061 | D:2      | 1061 ||| DROPPING scroll of poison.
  1063 | D:2      | 1063 ||| Stepping ~*~*~tactically~*~*~ (cloud).
  1315 | D:3      | Found a faded altar of an unknown god.
  1556 | D:3      | Reached XP level 6. HP: 23/30 MP: 7/7
  1707 | D:3      | 1707 ||| READING scroll of identify.
  1707 | D:3      | 1707 ||| IDENTIFYING golden potion
  1708 | D:3      | 1708 ||| READING scroll labelled SUX LIMOOLU.
  1708 | D:3      | Identified a scroll of acquirement
  1708 | D:3      | 1708 ||| ACQUIRING +1 arbalest of draining
  1708 | D:3      | Acquired a +1 arbalest of draining
  1710 | D:3      | 1710 ||| SWAPPING to +1 arbalest of draining.
  1711 | D:3      | 1711 ||| DROPPING +0 shortbow.
  1712 | D:3      | 1712 ||| READING scroll labelled ZAYTTA QOPRUEHIT.
  1813 | D:3      | 1813 ||| DROPPING potion of ambrosia.
  1850 | D:4      | Found Vezxifeiho's Distillery.
  1864 | D:4      | 1864 ||| BUYING potion of enlightenment (65 gold).
  1864 | D:4      | Bought a potion of enlightenment for 65 gold pieces
  1864 | D:4      | 1864 ||| SHOPLISTING potion of haste (130 gold, have 30).
  2056 | D:4      | Found a basalt altar of Yredelemnul.
  2278 | D:4      | Reached skill level 6 in Dodging
  2461 | D:4      | Found a burning altar of Makhleb.
  2462 | D:4      | Found a sparkling altar of Nemelex Xobeh.
  2635 | D:4      | 2635 ||| UPGRADING to +4 ring of protection.
  2636 | D:4      | 2636 ||| READING scroll of identify.
  2636 | D:4      | 2636 ||| IDENTIFYING 2 silvery potions
  2637 | D:4      | 2637 ||| READING scroll labelled WIHEAVV JABI.
  2665 | D:5      | Entered Level 5 of the Dungeon
  2666 | D:5      | 2666 ||| PLANNING SEWER
  2879 | D:5      | Reached XP level 7. HP: 35/35 MP: 8/8
  2911 | D:5      | Noticed Eustachio
  2912 | D:5      | 2912 ||| DRINKING 2 potions of haste.
  2914 | D:5      | Killed Eustachio
  2987 | D:5      | Found a staircase to the Ecumenical Temple.
  3006 | D:5      | 3006 ||| FLEEEEING.
  3007 | D:5      | 3007 ||| FLEEEEING.
  3094 | D:5      | Noticed Menkaure
  3095 | D:5      | 3095 ||| DRINKING potion of haste.
  3101 | D:5      | Killed Menkaure
  3107 | D:5      | Reached XP level 8. HP: 39/39 MP: 9/9
  3142 | D:5      | Identified the +7 mace of the Keeping Visionary {heavy,
                  | Str+2}
  3291 | D:5      | Found a glowing drain.
  3292 | D:5      | 3292 ||| UPGRADING to scarf of repulsion.
  3297 | D:5      | 3297 ||| UPGRADING to amulet of the acrobat.
  3302 | D:5      | 3302 ||| DROPPING ring of flight.
  3310 | Sewer    | Entered a sewer
  3338 | Sewer    | Reached skill level 3 in Fighting
  3723 | Sewer    | Reached skill level 9 in Ranged Weapons
  3790 | Sewer    | 3790 ||| READING scroll labelled REANAU FI POA.
  3812 | D:5      | 3812 ||| PLANNING TEMPLE
  3848 | Temple   | Entered the Ecumenical Temple
  3849 | Temple   | 3849 ||| PLANNING D:1-11
  4074 | D:5      | Found a glowing silver altar of Zin.
  4241 | D:5      | Found a blossoming altar of Fedhas.
  4440 | D:6      | Reached skill level 9 in Dodging
  4688 | D:6      | Reached XP level 9. HP: 44/44 MP: 10/10
  4942 | D:6      | 4942 ||| READING scroll labelled CAERETHETZ.
  4942 | D:6      | 4942 ||| ENCHANTING +1 arbalest of draining.
  5002 | D:7      | Found Iguklius's Magic Scroll Boutique.
  5007 | D:7      | 5007 ||| RETREEEEATING.
  5111 | D:7      | Found a broken altar of Ashenzari.
  5113 | D:7      | 5113 ||| FLEEEEING.
  5121 | D:7      | 5121 ||| FLEEEEING.
  5122 | D:7      | 5122 ||| FLEEEEING.
  5123 | D:7      | 5123 ||| FLEEEEING.
  5124 | D:7      | 5124 ||| FLEEEEING.
  5125 | D:7      | 5125 ||| FLEEEEING.
  5127 | D:7      | 5127 ||| FLEEEEING.
  5128 | D:7      | 5128 ||| FLEEEEING.
  5130 | D:7      | 5130 ||| FLEEEEING.
  5131 | D:7      | 5131 ||| FLEEEEING.
  5138 | D:7      | 5138 ||| FLEEEEING.
  5139 | D:7      | 5139 ||| FLEEEEING.
  5810 | D:7      | 5810 ||| READING scroll of identify.
  5810 | D:7      | 5810 ||| IDENTIFYING viscous orange potion
  5830 | D:8      | 5830 ||| STAIRDANCE
  5858 | D:8      | 5858 ||| STAIRDANCE
  5900 | D:8      | 5900 ||| STAIRDANCE
  5910 | D:8      | 5910 ||| STAIRDANCE
  5924 | D:8      | 5924 ||| STAIRDANCE
  5932 | D:8      | 5932 ||| STAIRDANCE
  5944 | D:8      | 5944 ||| UPGRADING to +1 robe of cold resistance.
  5954 | D:8      | 5954 ||| DROPPING +0 robe.
  5960 | D:8      | Found an iron altar of Okawaru.
  5961 | D:8      | Found Rojeamn's Self-Improvement Boutique.
  6014 | D:8      | 6014 ||| PLANNING OKAWARU WORSHIP
  6023 | D:8      | Became a worshipper of Warmaster Okawaru
  6024 | D:8      | 6024 ||| PLANNING D:1-11
  6059 | D:8      | 6059 ||| RETREEEEATING.
  6151 | D:8      | Noticed a troll
  6152 | D:8      | 6152 ||| FLEEEEING.
  6195 | D:8      | 6195 ||| FLEEEEING.
  6197 | D:8      | 6197 ||| FLEEEEING.
  6267 | D:8      | Reached * piety under Okawaru
  6268 | D:8      | Reached skill level 12 in Dodging
  6307 | D:8      | Found a hide-covered altar of Uskayaw.
  6447 | D:8      | 6447 ||| READING scroll labelled GUOLUSEPIE.
  6459 | D:7      | 6459 ||| BUYING scroll of enchant armour (97 gold).
  6459 | D:7      | Bought a scroll of enchant armour for 97 gold pieces
  6481 | D:8      | 6481 ||| INVOKING Heroism.
  6488 | D:8      | Killed a troll
  6489 | D:8      | Reached XP level 10. HP: 41/49 MP: 9/11
  6531 | D:8      | 6531 ||| UPGRADING to +0 troll leather armour.
  6541 | D:8      | 6541 ||| DROPPING +1 robe of cold resistance.
  6542 | D:8      | 6542 ||| READING 2 scrolls of enchant armour.
  6542 | D:8      | 6542 ||| ENCHANTING +0 troll leather armour.
  6543 | D:8      | 6543 ||| READING scroll of enchant armour.
  6543 | D:8      | 6543 ||| ENCHANTING +1 troll leather armour.
  6570 | D:9      | 6570 ||| STAIRDANCE
  6579 | D:9      | Reached skill level 1 in Invocations
  6615 | D:9      | 6615 ||| RETREEEEATING.
  6624 | D:9      | 6624 ||| RETREEEEATING.
  6627 | D:9      | 6627 ||| INVOKING Heroism.
  6631 | D:9      | Reached skill level 3 in Invocations
  6633 | D:9      | Reached ** piety under Okawaru
  6658 | D:9      | 6658 ||| RETREEEEATING.
  6659 | D:9      | 6659 ||| RETREEEEATING.
  6660 | D:9      | 6660 ||| RETREEEEATING.
  6662 | D:9      | Reached skill level 12 in Ranged Weapons
  6662 | D:9      | 6662 ||| RETREEEEATING.
  6689 | D:9      | HP: 1/51 [orc warrior/+0 halberd (16)]
  6690 | D:9      | 6690 ||| READING 3 scrolls of teleportation.
  6690 | D:9      | Slain by an orc warrior

Levels and vault maps discovered:
D:1:      dpeg_arrival_stonehenge_8_columns, layout_rooms
D:2:      layout_loops_ring, uniq_sigmund
D:3:      layout_loops_cross, dreamdust_ecumenical_altar_hidden_monk_grotto
D:4:      layout_loops_corners, lemuel_round_altar,
          mainiacjoe_overflow_divided_tiny, serial_shops,
          nicolae_shop_industrial_runoff
D:5:      layout_loops_corners, zin_academy, fedhas_altar_decomposition,
          minmay_temple_entry_butterflies, lightli_sewer_entry_pipes,
          dreamdust_princess_bridge, uniq_menkaure, uniq_eustachio
D:6:      layout_rooms, hangedman_abyss_or_decor_stagger,
          minmay_misc_feat_four_crosses
D:7:      wad_crossroads, layout_loops_ring, lemuel_doored_altar, serial_shops,
          nicolae_take_the_stairs, minmay_misc_feat_nine_boxes
D:8:      layout_rooms, nicolae_uskayaw_suspiria, mainiacjoe_overflow_paths,
          minmay_misc_feat_columns, nicolae_shop_self_help
D:9:      gammafunk_wand_slinger, layout_basic, due_lair_maze_entry_diamond
Temple:   nicolae_temple_bog_church

Skill      XL: |  1  2  3  4  5  6  7  8  9 10 |
---------------+-------------------------------+-----
Dodging        | 3 4 5 6 8 9 12 | 12.0
Ranged Weapons | 6 7 8 10 11 12 | 12.0
Fighting       | 2 3 4 |  4.7
Invocations    | 4 |  4.0
Stealth        | |  1.5

Action                     |  1- 3 |  4- 6 |  7- 9 | 10-12 || total
---------------------------+-------+-------+-------+-------++-------
   Fire: Shortbow          |    80 |    67 |       |       ||   147
         Arbalest          |       |    30 |   298 |    86 ||   414
 Invoke: Heroism           |       |       |     1 |     1 ||     2
    Use: Scroll            |     4 |     8 |     4 |     3 ||    19
         Potion            |       |       |     2 |       ||     2
 Armour: Robe              |     4 |     5 |    49 |       ||    58
         Troll leather arm |       |       |       |    37 ||    37
  Dodge: Dodged            |    22 |    17 |   233 |   116 ||   388

Table legend:
 A = Non-vault XP
 B = Vault XP
 C = Vault XP percentage of total XP
 D = Non-vault monster count
 E = Vault monster count
 F = Vault count percentage of total count
                 A         B        C        D         E       F
            +---------+---------+-------+---------+---------+-------
      Total |    5783 |    2872 |  33.2 |     171 |      51 |  23.0
            +---------+---------+-------+---------+---------+-------
        D:1 |      42 |       0 |   0.0 |      25 |       0 |   0.0
        D:2 |      39 |     226 |  85.3 |      16 |       1 |   5.9
        D:3 |      83 |       0 |   0.0 |      15 |       0 |   0.0
        D:4 |     268 |       0 |   0.0 |      14 |       0 |   0.0
        D:5 |     473 |     438 |  48.1 |      20 |       8 |  28.6
        D:6 |     662 |       0 |   0.0 |      17 |       0 |   0.0
        D:7 |    1149 |     366 |  24.2 |      23 |       4 |  14.8
        D:8 |    1270 |      37 |   2.8 |      22 |       1 |   4.3
        D:9 |    1797 |    1117 |  38.3 |      19 |       9 |  32.1
      Sewer |       0 |     688 | 100.0 |       0 |      28 | 100.0
            +---------+---------+-------+---------+---------+-------
